 Dungeon Crawl Stone Soup version 0.28-a0-1555-g9ae15a6949 (webtiles) character file.

Game seed: 3769692646611545913

208 willcat the Skirmisher (level 5, -2/54 HPs)
             Began as an Ogre Gladiator on Jan 18, 2022.
             Splashed by a jelly's acid (5 damage)
             ... on level 4 of the Dungeon.
             The game lasted 00:01:55 (3705 turns).

willcat the Skirmisher (Ogre Gladiator)             Turns: 3705, Time: 00:01:55

Health: -2/54      AC: -4    Str: 18    XL:     5   Next: 86%
Magic:  8/8        EV: 10    Int: 11    God:
Gold:   73         SH:  0    Dex: 10    Spells: 8/8 levels left

rFire   . . .      SeeInvis .   a - +0 trident
rCold   . . .      Faith    .   (no shield)
rNeg    . . .      Spirit   .   b - +0 robe
rPois   .          Reflect  .   c - +0 hat
rElec   .          Harm     .   (no cloak)
rCorr   .          Rampage  .   (gloves unavailable)
Will    .....                   (boots unavailable)
Stlth   +.........              (no amulet)
HPRegen 0.18/turn               (no ring)
MPRegen 0.11/turn               (no ring)

@: corroded
A: large, unfitting armour, tough skin 1
a: no special abilities


You were on level 4 of the Dungeon.
You visited 1 branch of the dungeon, and saw 4 of its levels.

You collected 73 gold pieces.

Inventory:

Hand Weapons
 a - a +0 trident (weapon)
Missiles
 d - 2 throwing nets (quivered)
Armour
 b - a +0 robe (worn)
 c - a +0 hat (worn)
Scrolls
 h - a scroll of fear {unknown}
 j - 2 scrolls of identify {unknown}
 k - a scroll of blinking {unknown}
 l - a scroll of fog {unknown}
 n - a scroll of magic mapping {unknown}
 p - a scroll of amnesia {unknown}
Potions
 e - 3 potions of might {unknown}
 f - 3 potions of lignification {unknown}
 g - a potion of invisibility {unknown}
 i - a potion of ambrosia {unknown}
 m - a potion of attraction {unknown}
 o - a potion of magic {unknown}


   Skills:
 + Level 4.2 Fighting
 + Level 3.9 Polearms
 - Level 2.0 Throwing
 + Level 1.6 Armour
 + Level 3.5 Dodging
 + Level 2.4 Spellcasting


You had 8 spell levels left.
You didn't know any spells.
Your spell library contained the following spells:

 Spells                   Type           Power      Damage    Failure   Level
 Summon Lightning Spire   Summ/Air       1%         N/A       95%         4
 Storm Form               Tmut/Air       0%         N/A       100%        7
 Maxwell's Capacitive Co  Air            0%         ∞         100%        8


Dungeon Overview and Level Annotations

Branches:
Dungeon (4/15)
 Temple: D:4-7

Altars:
Ashenzari


Innate Abilities, Weirdness & Mutations

You are too large for most types of armour.
You have tough skin. (AC +1)


Message History

The jelly closely misses you.
You completely miss the jelly.
The jelly is lightly wounded.
The jelly closely misses you. x2
You puncture the jelly!
Your hands burn!
The jelly is heavily wounded.
The jelly barely misses you.
You hit the jelly.
Your hands burn!
The jelly is severely wounded.
The jelly barely misses you.
You hit the jelly but do no damage.
Your hands burn!
The jelly is severely wounded.
The jelly hits you.
You are splashed with acid.
You hit the jelly but do no damage.
Your hands burn!
The jelly is severely wounded.
The jelly closely misses you.
You hit the jelly. The acid corrodes you!
Your hands burn!
The jelly is severely wounded.
The jelly hits you.
You are splashed with acid!
The jelly barely misses you.
Really walk into that dispersal trap?
You enter a dispersal trap!
The jelly blinks!
You blink.
Reach: a) +0 trident
Press: ? - help, Dir - move target, f/p - jelly
Aim: a jelly (severely wounded, about 11% to evade your +0 trident)
You reach to attack!
You hit the jelly but do no damage.
The jelly is severely wounded.
Reach: a) +0 trident
Press: ? - help, Dir - move target, f/p - jelly
Aim: a jelly (water, severely wounded, about 11% to evade your +0 trident)
You hit the jelly.
Your hands burn!
The jelly is almost dead.
The jelly hits you.
* * * LOW HITPOINT WARNING * * *
You are splashed with acid!
* * * LOW HITPOINT WARNING * * *
The jelly hits you.
* * * LOW HITPOINT WARNING * * *
You are splashed with acid.
You die...

#.####.#.# #.#........##.#.##.
#.#....#.#.###.#........##.#.##.
.....#.#.....'...........#.##.
#..#.#.###.#........#..#.##.
#..........##.......#.)#.##.
#..#..........^#######.#.##.
#..####................#.##.
#(.......≈≈≈J≈≈≈≈....)...#
#.......≈..@..§§≈.#########
#.......≈.≈§§§≈§≈.##.......
#.......≈.≈..§≈§≈......#
#.#.....≈.≈._.§.≈....#+#####
#.......≈.....≈.≈.###.......
#.....#.≈.≈§≈≈≈.≈...'.......
#.###.#.≈.......≈..##....... #.#
#.#.≈≈≈≈≈≈≈≈≈.###....... #.#
#.#...........# #.......


You could see a jelly.

Vanquished Creatures
  A centaur (D:3)
  A jelly (D:3)
  3 adders
  3 worms (D:2)
  3 dart slugs
  4 orcs (D:3)
  4 ball pythons
  3 endoplasms
  5 goblins
  A hobgoblin (D:3)
  9 kobolds
  3 quokkas
  5 bats
  4 frilled lizards
  6 rats
55 creatures vanquished.

Notes
Turn   | Place    | Note
-------+----------+-------------------------------------------
     0 | D:1      | willcat the Ogre Gladiator began the quest for the Orb.
     0 | D:1      | Reached XP level 1. HP: 22/22 MP: 1/1
   279 | D:1      | Found a faded altar of an unknown god.
   313 | D:1      | Reached XP level 2. HP: 29/29 MP: 2/2
   350 | D:1      | Reached skill level 3 in Fighting
   626 | D:1      | Reached skill level 1 in Spellcasting
   977 | D:2      | Reached XP level 3. HP: 37/37 MP: 4/4
  1446 | D:2      | Reached skill level 1 in Armour
  1694 | D:2      | Reached XP level 4. HP: 45/45 MP: 6/6
  2699 | D:3      | Reached XP level 5. HP: 25/54 MP: 7/7
  2995 | D:3      | Noticed a centaur
  3008 | D:3      | Killed a centaur
  3009 | D:3      | Reached skill level 4 in Fighting
  3614 | D:4      | Found a broken altar of Ashenzari.
  3705 | D:4      | Splashed by a jelly's acid

Illustrated notes

Levels and vault maps discovered:
D:1:      giann_wishing_wells, layout_loops_ring,
          shapermc_ecumenical_altar_petra, minmay_3d_cube
D:2:      layout_basic, kennysheep_generic_room_9
D:3:      layout_loops_ring, minmay_misc_feat_room, grunt_decor_cap,
          st_stairs_11, hangedman_decor_slide_cut, kennysheep_nondescript
D:4:      layout_basic, mainiacjoe_overflow_concentric_impassable

Skill      XL: |  1  2  3  4  5 |
---------------+----------------+-----
Fighting       | 3 4 |  4.2
Spellcasting   | 1 2 |  2.4
Dodging        | 3 |  3.5
Armour         | 1 |  1.6
Polearms       | |  3.9
Throwing       | |  2.0

Action                   |  1- 3 |  4- 6 || total
-------------------------+-------+-------++-------
Melee: Trident           |   105 |   114 ||   219
       Punch             |     1 |       ||     1
Throw: Throwing net      |       |     1 ||     1
 Stab: Sleeping          |     2 |       ||     2
       Held in net/web   |       |     2 ||     2
Armor: Robe              |    21 |    19 ||    40
Dodge: Dodged            |    48 |    55 ||   103

Table legend: (Time is in decaauts)
 A = Elapsed time spent in this place.
 B = Non-inter-level travel time spent in this place.
 C = Inter-level travel time spent in this place.
 D = Time resting spent in this place.
 E = Time spent auto-exploring this place.
 F = Levels seen in this place.
 G = Mean time per level.
                   A        B        C        D        E       F      G
               +--------+--------+--------+--------+--------+-----+--------+
         Total |   3732 |   3643 |     89 |    661 |   2511 |   4 |  933.0 |
       Dungeon |   3732 |   3643 |     89 |    661 |   2511 |   4 |  933.0 |
               +--------+--------+--------+--------+--------+-----+--------+

Top non-repeatable levels by time:
     D:3: 1354 daAuts
     D:2: 1350 daAuts
     D:1: 869 daAuts
     D:4: 157 daAuts
